 Dungeon Crawl Stone Soup version 0.25.0-9-g26727b657a (webtiles) character file.

Game seed: 14566306003075423836

42 MisterFreud the Skirmisher (level 3, -3/33 HPs)
             Began as a Hill Orc Fighter on June 20, 2020.
             Slain by a centaur (5 damage)
             ... on level 2 of the Dungeon.
             The game lasted 00:01:46 (1111 turns).

MisterFreud the Skirmisher (Hill Orc Fighter)       Turns: 1111, Time: 00:01:46

Health: -3/33      AC:  6    Str: 19    XL:     3   Next: 54%
Magic:  3/3        EV:  7    Int:  8    God:
Gold:   122        SH:  9    Dex: 10    Spells: 2/2 levels left

rFire    . . .     SeeInvis .   a - +0 war axe
rCold    . . .     Gourm    .   c - +0 kite shield
rNeg     . . .     Faith    .   b - +0 scale mail
rPois    .         Spirit   .   (no helmet)
rElec    .         Reflect  .   (no cloak)
rCorr    .         Harm     .   (no gloves)
MR       .....                  (no boots)
Stlth    +.........             (no amulet)
HPRegen  0.11/turn              l - ring of stealth
MPRegen  0.08/turn              (no ring)

@: mighty, brilliant
A: no striking features
a: no special abilities


You were on level 2 of the Dungeon.
You were not hungry.

You visited 1 branch of the dungeon, and saw 2 of its levels.

You collected 122 gold pieces.

Inventory:

Hand Weapons
 a - a +0 war axe (weapon)
Armour
 b - a +0 scale mail (worn)
 c - a +0 kite shield (worn)
Jewellery
 l - a ring of stealth (left hand)
 m - a +4 ring of slaying {unknown}
Scrolls
 e - 2 scrolls of identify {unknown}
 g - a scroll of remove curse {unknown}
 h - a scroll of amnesia {unknown}
 i - 4 scrolls of teleportation {unknown}
 n - a scroll of noise {unknown}
Potions
 d - a potion of might
Comestibles
 f - 4 rations
 j - 2 chunks of flesh


   Skills:
 * Level 4.2 Fighting
 * Level 3.7 Axes
 + Level 3.4 Armour
 + Level 0.4 Dodging
 + Level 3.5 Shields


You had 2 spell levels left.
You didn't know any spells.
Your spell library was empty.

Dungeon Overview and Level Annotations

Branches:
Dungeon (2/15)

Altars:
Zin


Message History

The centaur shoots an arrow.
You block the arrow.
The centaur shoots an arrow.
The arrow barely misses you.
The centaur shoots an arrow.
The arrow barely misses you.
You barely miss the centaur.
The centaur unwields a +0 shortbow.
The centaur barely misses you.
The centaur hits you but does no damage.
You hit the centaur.
The centaur is moderately wounded.
You block the centaur's attack. The centaur hits you.
* * * LOW HITPOINT WARNING * * *
You barely miss the centaur.
The centaur is moderately wounded.
The centaur barely misses you. x2
You hit the centaur.
The centaur is heavily wounded.
You block the centaur's attack. x2
You barely miss the centaur.
The centaur is heavily wounded.
The centaur hits you.
You die...

..r...##..... #.#
# #.##.....
........c... #.#
#.#..#.....
+........... #.#
#.##....)..
+......... #.#
#..........
#........ #.#
###........ ..
+......# #.#
#........
...#......# #†#
#........
..#...(..#######(#
#....##+#
#.#.....(...Kc@.(#
#.....#.#
#.#.##############
#####.#.#
###..........#
####.#.#
.............#
#...÷..#
####.........#
###.#..#.#
###'########
#..(#.)#..
#......#
#...#..#.#
#......#
#.#......#
#......#
#.#####..#


You could see a centaur and a kobold.

Vanquished Creatures
  An adder (D:2)
  A dart slug (D:1)
  2 leopard geckos
  A ball python (D:1)
  6 bats (D:1)
  3 giant cockroaches
  2 goblins (D:1)
  A hobgoblin (D:2)
  4 kobolds (D:1)
  2 frilled lizards (D:1)
  6 rats
29 creatures vanquished.

Notes
Turn   | Place    | Note
-------+----------+-------------------------------------------
     0 | D:1      | MisterFreud the Hill Orc Fighter began the quest for the
                  | Orb.
     0 | D:1      | Reached XP level 1. HP: 19/19 MP: 1/1
   465 | D:1      | Reached skill level 4 in Fighting
   465 | D:1      | Reached XP level 2. HP: 27/27 MP: 2/2
   764 | D:1      | Reached XP level 3. HP: 33/33 MP: 3/3
  1050 | D:2      | Found a glowing silver altar of Zin.
  1091 | D:2      | Noticed a centaur
  1111 | D:2      | Slain by a centaur

Illustrated notes

Levels and vault maps discovered:
D:1:      dpeg_arrival_three_bigger_balls, layout_loops_ring, st_stairs_1
D:2:      layout_basic, overflow_temple_1_default, minivault_23,
          minmay_tromino_i2, uniq_terence

Skill      XL: |  1  2 |
---------------+-------+-----
Fighting       | 4 |  4.2
Axes           | 3 |  3.7
Armour         | |  3.4
Dodging        | |  0.4
Shields        | |  3.5

Action                   || total
-------------------------++-------
Melee: War axe           ||    91
  Use: Potion            ||     2
  Eat: Chunk             ||     1
Armor: Scale mail        ||    46
Dodge: Dodged            ||    49
Block: Kite shield       ||    57
